 Dungeon Crawl Stone Soup version 0.27-a0-1245-g940ed4fa31 (webtiles) character file.

Game seed: 15610827365853104863

80 Zeld the Chopper (level 4, -2/61 HPs)
             Began as a Minotaur Berserker on June 9, 2021.
             Was a Follower of Trog.
             Slain by an ogre
             ... wielding a +0 giant club
              (23 damage)
             ... on level 2 of the Dungeon.
             The game lasted 00:01:13 (1939 turns).

Zeld the Chopper (Minotaur Berserker)               Turns: 1939, Time: 00:01:14

Health: -2/61      AC:  2    Str: 23    XL:     4   Next: 18%
Magic:  3/3        EV: 12    Int:  4    God:    Trog [*.....]
Gold:   47         SH:  0    Dex:  9    Spells: 3/3 levels left

rFire    . . .     SeeInvis .   a - +0 hand axe
rCold    . . .     Faith    .   (no shield)
rNeg     . . .     Spirit   .   b - +0 animal skin
rPois    .         Reflect  .   (helmet restricted)
rElec    .         Harm     .   (no cloak)
rCorr    .         Rampage  .   (no gloves)
Will     ++...                  (no boots)
Stlth    ..........             (no amulet)
HPRegen  1.20/turn              (no ring)
MPRegen  0.08/turn              (no ring)

@: berserking, strong-willed, regenerating, very quick
A: horns 2, retaliatory headbutt
a: Renounce Religion, Berserk


You were on level 2 of the Dungeon.
You worshipped Trog.
Trog was aware of your devotion.
You visited 1 branch of the dungeon, and saw 2 of its levels.

You collected 47 gold pieces.

Inventory:

Hand Weapons
 a - a +0 hand axe (weapon)
Armour
 b - a +0 animal skin (worn)
Scrolls
 c - 2 scrolls of teleportation
 d - a scroll of identify
 e - 2 scrolls of magic mapping


   Skills:
 + Level 4.3 Fighting
 * Level 5.1 Axes
 - Level 2.4 Armour
 + Level 3.0 Dodging


You had 3 spell levels left.
You didn't know any spells.
Your spell library was empty.

Dungeon Overview and Level Annotations

Branches:
Dungeon (2/15)

Altars:

Shops:
D:2 =


Innate Abilities, Weirdness & Mutations

You have a pair of horns on your head.
You reflexively headbutt those who attack you in melee.


Message History

You feel yourself slow down.
You start resting.
You feel yourself speed up.
Things that are here:
a +0 club; a +0 spear; a gnoll corpse You start resting.
You recover from your berserk rage.
You see here a +0 spear.
You start resting.
HP restored.
You start waiting.
Done waiting.
Things that are here:
a +0 club; a +0 spear; a gnoll skeleton
Found a robe.
Found a stone staircase leading down.
You start waiting.
Found an escape hatch in the floor.
No target in view!
No target in view!
No target in view!
No target in view!
An ogre comes into view. It is wielding a +0 giant club.
The ogre shouts!
You hit the ogre. You headbutt the ogre!
The ogre is heavily wounded.
The ogre hits you with a +0 giant club!!
Ouch! That really hurt!
* * * LOW HITPOINT WARNING * * *
You are too injured to fight recklessly!
An ogre is nearby!
You are too injured to fight recklessly!
An ogre is nearby!
You are too injured to fight recklessly!
Your skin crawls.
You feel strong-willed.
You can no longer call upon Trog for regeneration and willpower.
A red film seems to cover your vision as you go berserk!
You feel yourself moving faster!
You feel mighty!
The ogre hits you with a +0 giant club!!
You die...

#######....
#.....#.#.#
#......# .#
#>.[..###.#
#......#..#
#.....#.#O#
###.#####.#
##..O#####>#
#######...@.......
.........########.
########.# .# #.#
.# #.# #.#
#.########.#
#.##.......##
#............


You could see an ogre.

Vanquished Creatures
  4 gnolls
  An adder (D:2)
  A worm (D:2)
  2 bats (D:1)
  An endoplasm (D:2)
  5 goblins (D:1)
  3 hobgoblins (D:1)
  A quokka (D:2)
  2 ball pythons
  4 frilled lizards
  4 kobolds (D:1)
  4 rats
32 creatures vanquished.

Notes
Turn   | Place    | Note
-------+----------+-------------------------------------------
     0 | D:1      | Zeld the Minotaur Berserker began the quest for the Orb.
     0 | D:1      | Reached XP level 1. HP: 19/19 MP: 0/0
   198 | D:1      | Found a faded altar of an unknown god.
   245 | D:1      | Reached skill level 4 in Axes
   245 | D:1      | Reached XP level 2. HP: 23/27 MP: 1/1
   910 | D:1      | Reached XP level 3. HP: 25/33 MP: 2/2
  1446 | D:2      | Found Fyt Gomi's Jewellery Boutique.
  1524 | D:2      | Reached skill level 5 in Axes
  1524 | D:2      | Reached XP level 4. HP: 9/40 MP: 3/3
  1525 | D:2      | Reached ** piety under Trog
  1929 | D:2      | Noticed an ogre
  1939 | D:2      | Slain by an ogre

Illustrated notes

Levels and vault maps discovered:
D:1:      dpeg_arrival_radiant, layout_loops_ring,
          shapermc_ecumenical_altar_mp_highgroup
D:2:      layout_loops_ring, serial_shops, shop

Skill      XL: |  1  2  3 |
---------------+----------+-----
Axes           | 4 5 |  5.1
Fighting       | 4 |  4.3
Dodging        | 3 |  3.0
Armour         | |  2.4

Action                   |  1- 3 |  4- 6 || total
-------------------------+-------+-------++-------
Melee: Hand axe          |    69 |     3 ||    72
       Headbutt          |     8 |     1 ||     9
Invok: Berserk           |     1 |     1 ||     2
       Trog's Hand       |       |     1 ||     1
  Use: Scroll            |     2 |       ||     2
 Stab: Sleeping          |     1 |       ||     1
Armor: Animal skin       |     3 |       ||     3
Dodge: Dodged            |    38 |       ||    38

Table legend: (Time is in decaauts)
 A = Elapsed time spent in this place.
 B = Non-inter-level travel time spent in this place.
 C = Inter-level travel time spent in this place.
 D = Time resting spent in this place.
 E = Time spent auto-exploring this place.
 F = Levels seen in this place.
 G = Mean time per level.
                   A        B        C        D        E       F      G
               +--------+--------+--------+--------+--------+-----+--------+
         Total |   1952 |   1939 |     13 |    385 |   1359 |   2 |  976.0 |
       Dungeon |   1952 |   1939 |     13 |    385 |   1359 |   2 |  976.0 |
               +--------+--------+--------+--------+--------+-----+--------+

Top non-repeatable levels by time:
     D:1: 1101 daAuts
     D:2: 850 daAuts
